 Dungeon Crawl Stone Soup version 0.32-a0-39-g5c88369fb2 (webtiles) character file.

Game seed: 8882308504201720410

4081 Colgate the Slicer (level 10, -10/55 HPs)
             Began as a Vine Stalker Air Elementalist on Feb 5, 2024.
             Was a Believer of Ashenzari.
             Mangled by a tentacled starspawn (11 damage)
             ... on level 1 of the Abyss.
             The game lasted 00:40:27 (11051 turns).

Colgate the Slicer (Vine Stalker Air Elementalist) Turns: 11051, Time: 00:40:27

Health: -10/55     AC: 20    Str: 14    XL:     10   Next: 25%
Magic:  0/23       EV:  7    Int: 15    God:    Ashenzari [**....]
Gold:   151        SH:  0    Dex: 20    Spells: 24/25 levels left

rFire   + . .        a - +2 dagger of Desmomancy {venom, Dev, Melee} (curse)
rCold   . . .        (no shield)
rNeg    . . .        F - +7 chain mail of Ashenzari's Activism {Rampage rF+ Regen+, Sorc, Fort} (curse)
rPois   .            d - +0 helmet
rElec   .            g - +0 cloak of Toth-Mos's Legacy {Comp, Sorc} (curse)
rCorr   .            y - +0 pair of gloves
SInv    +            (no boots)
Will    +....        E - amulet of regeneration Stlth
                     e - +6 ring of dexterity
HPRegen 2.69/turn    (no ring)
MPRegen 0.18/turn

%: guardian spirit, rampage
@: confused, about to teleport, ambrosia-drunk
A: fangs 3, regeneration 1, magic shield, antimagic bite, no potion heal 2,
large bone plates 1, clumsy 1
a: Renounce Religion, Shatter the Chains


You were on level 1 of the Abyss.
You worshipped Ashenzari.
Ashenzari was pleased with you.
You visited 2 branches of the dungeon, and saw 10 of its levels.
You visited the Abyss 1 time.

You collected 340 gold pieces.
You spent 189 gold pieces at shops.

Inventory:

Hand Weapons
 a - the cursed +2 dagger of Desmomancy (weapon) {venom, Dev, Melee}
   (You found it on level 4 of the Dungeon)

   It has a curse which improves the following skills: Devices: Evocations and
   Shapeshifting.
   Melee Combat: Short Blades, Long Blades, Axes, Maces & Flails, Polearms,
   Staves and Unarmed Combat.
 b - a +3 short sword
Armour
 d - a +0 helmet (worn)
 g - the cursed +0 cloak of Toth-Mos's Legacy (worn) {Comp, Sorc}
   (You bought it in a shop on level 5 of the Dungeon)

   It has a curse which improves the following skills: Companions: Summonings
   and Necromancy.
   Sorcery:   Conjurations and Alchemy.
 y - a +0 pair of gloves (worn)
 F - the cursed +7 chain mail of Ashenzari's Activism (worn) {Rampage rF+ Regen+, Sorc, Fort}
   (You found it on level 7 of the Dungeon)

   rF+:       It protects you from fire.
   Regen+:    It increases your rate of health regeneration.
   Rampage:   It bestows one free step when moving towards enemies.
   It has a curse which improves the following skills: Sorcery: Conjurations and
   Alchemy.
   Fortitude: Armour and Shields.
 H - the +3 scale mail of Dithmenos's Pride {rElec rC+ rN++ Str-4}
   (You found it on level 9 of the Dungeon)

   Str-4:     It affects your strength (-4).
   rC+:       It protects you from cold.
   rElec:     It insulates you from electricity.
   rN++:      It greatly protects you from negative energy.
Jewellery
 e - a +6 ring of dexterity (left hand)
 E - an amulet of regeneration (around neck)
Wands
 p - a wand of polymorph (5)
Scrolls
 f - a scroll of acquirement
 h - a scroll of enchant weapon
 i - 9 scrolls of identify {@r1}
 k - a scroll of revelation
 l - 3 scrolls of immolation
 m - a scroll of vulnerability
 n - 3 scrolls of teleportation {@r3}
 q - a scroll of blinking {@r4}
 s - 3 scrolls of fear
 u - 2 scrolls of noise
 x - 2 scrolls of fog
 D - 2 scrolls of amnesia
 G - a scroll of silence
Potions
 c - a potion of berserk rage
 j - 2 potions of mutation
 o - 2 potions of attraction
 r - 2 potions of ambrosia
 t - 2 potions of curing {@q1}
 v - a potion of magic
 w - a potion of degeneration
 z - a potion of enlightenment
 A - 2 potions of heal wounds {@q2}
 B - a potion of might {@q3}
 C - 3 potions of resistance {@q5}


   Skills:
 - Level 7.0 Fighting
 - Level 8.0(9.1) Short Blades
 + Level 3.1(4.1) Armour
 - Level 1.5 Dodging
 - Level 2.4 Stealth
 - Level 8.0 Spellcasting
 - Level 1.0(2.0) Conjurations
 - Level 3.0 Air Magic


You had 24 spell levels left.
You knew the following spells:

 Your Spells              Type           Power      Damage    Failure   Level
a - Shock                 Conj/Air       52%        1d6       54%         1

Your spell library contained the following spells:

 Spells                   Type           Power      Damage    Failure   Level
 Static Discharge         Conj/Air       26%        3-5/arc   67%         2
 Sting                    Conj/Alch      36%        1d5       75%         1
 Mercury Vapours          Alch/Air       20%        N/A       80%         2
 Swiftness                Air            15%        N/A       83%         3
 Necrotise                Necr           24%        1d5       86%         1
 Cigotuvi's Dreadful Rot  Necr/Alch/Air  18%        N/A       86%         2
 Jinxbite                 Hex            12%        N/A       95%         2
 Vampiric Draining        Necr           6%         2d6       99%         3
 Airstrike                Air            7%         2d(2-18)  99%         4
 Ignite Poison            Fire/Alch      6%         N/A       100%        4
 Martyr's Knell           Necr/Summ      6%         N/A       100%        4
 Olgreb's Toxic Radiance  Alch           6%         N/A       100%        4
 Curse of Agony           Necr           6%         N/A       100%        5
 Freezing Cloud           Conj/Ice/Air   5%         6-21      100%        5
 Yara's Violent Unravell  Hex/Alch       3%         3d4       100%        5
 Enfeeble                 Hex            3%         N/A       100%        7


Dungeon Overview and Level Annotations

Branches:
Dungeon (9/15)             Temple (1/1) D:4            Lair (0/5) D:9
    Orc: D:9-12

Altars:
Ashenzari
Cheibriados
Dithmenos
Elyvilon
Fedhas
Gozag
Hepliaklqana
Kikubaaqudgha
Makhleb
Nemelex Xobeh
Okawaru
Qazlal
Ru
Sif Muna
Trog
Uskayaw
Vehumet
Wu Jian
Xom
Yredelemnul
Zin
The Shining One

Shops:
D:4 :   D:5 *?

Annotations:
D:9 Psyche
Temple 2 transporters


Innate Abilities, Weirdness & Mutations

You have razor-sharp teeth.
Your natural rate of healing is unusually fast.
When hurt, damage is shared between your health and your magic reserves.
Your bite disrupts and absorbs the magic of your enemies.
Potions cannot restore your health.
You are partially covered in large bone plates. (SH +4)
You are clumsy. (Dex -2)


Message History

You feel your power leaking away.
The neqoxec looks more healthy.
The tentacled starspawn attacks as it pursues you!
The tentacled starspawn bites you!!
The tentacled starspawn tentacle-slaps you.
A tentacle flies out from the starspawn's body!
The brain worm's bulging head throbs.
Something gnaws on your mind!
You feel your power leaking away.
A starspawn tentacle comes into view.
The starspawn tentacle grabs you. The starspawn tentacle constricts you.
A starspawn tentacle comes into view.
As you read the scroll of teleportation {@r3}, it crumbles to dust.
You feel strangely unstable.
You feel the power of the Abyss delaying your translocation!
The brain worm's bulging head throbs.
Something gnaws on your mind!
You feel your power leaking away. The starspawn tentacle constricts you.
You are confused.
Your system rejects the healing.
You feel invigorated.
The starspawn tentacle loses its grip on you.
The tentacle pulls you backwards! The starspawn tentacle grabs you.
The starspawn tentacle constricts you.
You hit the pearl dragon.
The pearl dragon is poisoned.
Your bite misses the pearl dragon. The pearl dragon bites you.
The pearl dragon claws you!
You closely miss the starspawn tentacle.
The pearl dragon bites you! The pearl dragon claws you!
* * * LOW HITPOINT WARNING * * *
The starspawn tentacle constricts you.
* * * LOW HITPOINT WARNING * * *
The starspawn tentacle loses its grip on you.
The tentacle pulls you backwards!
You bump into the stone wall.
The tentacled starspawn attacks as it pursues you!
The tentacled starspawn bites you!!
* * * LOW HITPOINT WARNING * * *
The tentacled starspawn tentacle-slaps you!
You die...

. ... ..#..##..#
..#..##..##. ..
#........... ...
...... ... ..
#..##..# ..#
##..##..##..##3.
#...............
#..@.w..... ....
##XD##│.##..##..
#3.##..# ..#
#...*{........
#...w.........D
##..##..##.. #..
##.##.#.#....#.
###.##.# #. # .#
.


You could see a pearl dragon (very poisoned), a tentacled starspawn, a neqoxec,
a starspawn tentacle and a brain worm.

Vanquished Creatures
  A guardian serpent (Abyss:1)
  2 komodo dragons
  Prince Ribbit (D:5)
  Grinder (D:5)
  3 orc warriors
  A sky beast (D:6)
  2 black bears
  An ice beast (D:7)
  2 ogres
  A phantom (D:6)
  A centaur (D:7)
  A kobold brigand (D:7)
  4 bullfrogs
  3 scorpions
  4 wights
  4 howler monkeys
  4 hounds
  5 jellies
  6 orc priests
  Ijyb (D:3)
  3 iguanas
  11 orc wizards
  5 gnolls (D:6)
  7 adders
  3 shadow imps (D:6)
  2 white imps (D:6)
  A ribbon worm (D:4)
  4 dart slugs
  25 orcs
  4 ball pythons
  5 bats
  5 endoplasms
  5 giant cockroaches
  6 goblins
  3 hobgoblins
  12 jackals
  12 kobolds
  A quokka (D:2)
  6 rats
168 creatures vanquished.

Vanquished Creatures (others)
  A starspawn tentacle (Abyss:1)
1 creature vanquished.

Grand Total: 169 creatures vanquished

Notes
Turn   | Place    | Note
-------+----------+-------------------------------------------
     0 | D:1      | Colgate the Vine Stalker Air Elementalist began the quest
                  | for the Orb.
     0 | D:1      | Reached XP level 1. HP: 9/9 MP: 4/4
   268 | D:1      | Reached skill level 1 in Short Blades
   363 | D:1      | Reached XP level 2. HP: 13/13 MP: 6/6
  1015 | D:2      | Found a faded altar of an unknown god.
  1034 | D:2      | Reached XP level 3. HP: 16/16 MP: 5/7
  1162 | D:2      | Noticed a black bear
  1178 | D:2      | Killed a black bear
  1179 | D:2      | Reached XP level 4. HP: 6/21 MP: 2/8
  1179 | D:2      | Reached XP level 5. HP: 7/24 MP: 2/9
  1373 | D:2      | Found a snail-covered altar of Cheibriados.
  2134 | D:3      | Reached skill level 5 in Short Blades
  2271 | D:3      | Noticed Ijyb
  2320 | D:3      | Killed Ijyb
  2321 | D:3      | Reached XP level 6. HP: 28/28 MP: 5/10
  3892 | D:4      | Found Qosicamn's Vocational Training.
  4020 | D:4      | Found a staircase to the Ecumenical Temple.
  4233 | Temple   | Found a transporter.
  4233 | Temple   | Found a transporter.
  4233 | Temple   | Found a transporter.
  4233 | Temple   | Found a transporter.
  4233 | Temple   | Entered the Ecumenical Temple
  4504 | D:5      | Entered Level 5 of the Dungeon
  4516 | D:4      | Reached XP level 7. HP: 32/32 MP: 11/11
  4543 | D:5      | Found Carqed's Commerce Corner.
  4551 | D:5      | Bought a +0 cloak for 67 gold pieces
  4556 | D:5      | Bought a potion of curing for 45 gold pieces
  4557 | D:5      | Noticed Prince Ribbit
  4577 | D:5      | Killed Prince Ribbit
  4756 | D:5      | Found Cyessug's Magic Scroll Shop.
  4764 | D:5      | Bought a scroll of fear for 44 gold pieces
  4775 | D:5      | Noticed Grinder
  4792 | D:5      | Killed Grinder
  4793 | D:5      | Gained mutation: You have razor-sharp teeth. [Vine Stalker
                  | growth]
  4793 | D:5      | Reached XP level 8. HP: 24/36 MP: 6/12
  4947 | D:5      | Reached skill level 1 in Fighting
  5725 | D:5      | Found a broken altar of Ashenzari.
  5732 | D:5      | Became a worshipper of Ashenzari the Shackled
  5736 | D:5      | Found a sparkling altar of Nemelex Xobeh.
  5740 | D:5      | Found a stormy altar of Qazlal.
  5893 | D:5      | Bought a scroll of teleportation for 33 gold pieces
  5987 | D:6      | Reached skill level 1 in Armour
  6542 | D:6      | HP: 2/40 [ogre/+0 giant club (22)]
  6932 | D:5      | Reached XP level 9. HP: 45/46 MP: 16/16
  8259 | D:7      | Reached skill level 5 in Spellcasting
  8292 | D:7      | Reached skill level 5 in Fighting
  8433 | D:7      | Identified the +7 chain mail of the Indestructible God
                  | {Rampage rF+ Regen+}
  9631 | D:8      | Noticed a komodo dragon
  9657 | D:8      | Killed a komodo dragon
 10450 | D:9      | Reached XP level 10. HP: 53/53 MP: 19/23
 10496 | D:9      | Noticed Psyche
 10730 | D:9      | Found a staircase to the Lair.
 10734 | D:9      | Identified the +3 scale mail of Dithmenos's Pride {rElec
                  | rC+ rN++ Str-4}
 10835 | Abyss:1  | Cast into level 1 of the Abyss (Psyche)
 10850 | Abyss:1  | Reached * piety under Ashenzari
 10850 | Abyss:1  | Identified a scroll of acquirement
 10857 | Abyss:1  | Noticed a guardian serpent
 10875 | Abyss:1  | Killed a guardian serpent
 10889 | Abyss:1  | Noticed a naga warrior
 10936 | Abyss:1  | Noticed an apocalypse crab
 10955 | Abyss:1  | Noticed a smoke demon
 10991 | Abyss:1  | Noticed a tentacled starspawn
 11009 | Abyss:1  | Reached ** piety under Ashenzari
 11029 | Abyss:1  | Gained mutation: You are clumsy. (Dex -2) [a neqoxec]
 11036 | Abyss:1  | Gained mutation: You are partially covered in large bone
                  | plates. (SH +4) [a neqoxec]
 11036 | Abyss:1  | Noticed a pearl dragon
 11037 | Abyss:1  | Noticed a smoke demon
 11051 | Abyss:1  | HP: 1/55 [tentacled starspawn (15)]
 11051 | Abyss:1  | Mangled by a tentacled starspawn

Illustrated notes

Levels and vault maps discovered:
D:1:      minmay_arrival_stone_box, layout_basic
D:2:      layout_basic, hellmonk_ecumenical_altar_dog_temple, basic_altar,
          minivault_25
D:3:      layout_loops_cross, kennysheep_generic_room_14, uniq_ijyb
D:4:      layout_loops_cross, temple_hall, serial_library_hellmonk_secret_room,
          dk_noncrumbling_4, nicolae_shop_vocational
D:5:      layout_loops_corners, grunt_temple_overflow_diamond, serial_shops,
          nicolae_shop_gibbet_a_chance, nicolae_alphabet_shops,
          uniq_prince_ribbit1, uniq_grinder
D:6:      minmay_skewed_foursquare, layout_basic
D:7:      layout_cave_pools, corexii_corridor_pit
D:8:      layout_basic
D:9:      layout_roguey, david_lair_shrubbed, orc_0_dummy, serial_shops,
          nicolae_shop_statue_plus, uniq_jeremiah, uniq_psyche
Temple:   hellmonk_temple_divided_pantheon
Abyss:1:  base:
D:7

Skill      XL: |  1  2  3  4  5  6  7  8  9 10 |
---------------+-------------------------------+-----
Short Blades   | 1 2 4 5 6 8 |  8.0
Fighting       | 4 5 7 |  7.0
Armour         | 2 3 |  3.1
Spellcasting   | 4 8 |  8.0
Dodging        | |  1.5
Stealth        | |  2.4
Conjurations   | |  1.0
Air Magic      | |  3.0

Action                     |  1- 3 |  4- 6 |  7- 9 | 10-12 || total
---------------------------+-------+-------+-------+-------++-------
  Melee: Unarmed           |    53 |    19 |       |       ||    72
         Bite              |    36 |    65 |   140 |    27 ||   268
         Dagger            |    91 |    41 |   338 |    71 ||   541
         Punch             |     1 |     3 |     2 |       ||     6
         Short sword       |       |   171 |       |       ||   171
 Invoke: Curse Item        |       |       |     2 |     2 ||     4
         Shatter the Chain |       |       |     1 |       ||     1
  Evoke: Wand              |       |     2 |       |       ||     2
    Use: Potion            |       |       |     1 |     1 ||     2
         Scroll            |       |       |       |     1 ||     1
   Stab: Sleeping          |     1 |     4 |       |       ||     5
 Armour: Robe              |    19 |       |       |       ||    19
         Ring mail         |    90 |   114 |       |       ||   204
         Skin              |       |     8 |       |       ||     8
         Chain mail        |       |     1 |   191 |    56 ||   248
  Dodge: Dodged            |   122 |   132 |    66 |    11 ||   331

Table legend: (Time is in decaauts)
 A = Elapsed time spent in this place.
 B = Non-inter-level travel time spent in this place.
 C = Inter-level travel time spent in this place.
 D = Time resting spent in this place.
 E = Time spent auto-exploring this place.
 F = Levels seen in this place.
 G = Mean time per level.
                   A        B        C        D        E       F      G
               +--------+--------+--------+--------+--------+-----+--------+
         Total |  10833 |   9908 |    925 |    114 |   7894 |  11 |  984.8 |
       Dungeon |  10626 |   9703 |    923 |    114 |   7894 |   9 | 1180.7 |
        Temple |      1 |      0 |      1 |      0 |      0 |   1 |    1.0 |
         Abyss |    206 |    206 |      0 |      0 |      0 |   1 |  206.0 |
               +--------+--------+--------+--------+--------+-----+--------+

Top non-repeatable levels by time:
     D:6: 2154 daAuts
     D:8: 1565 daAuts
     D:5: 1441 daAuts
     D:4: 1300 daAuts
     D:3: 1273 daAuts
     D:1: 975 daAuts
     D:2: 897 daAuts
     D:7: 680 daAuts
     D:9: 337 daAuts
 Abyss:1: 206 daAuts
  Temple: 1 daAuts
